 Dungeon Crawl Stone Soup version 0.31-a0-557-g6e16503903 (webtiles) character file.

Game seed: 4689636511210444732

153 Duck the Trooper (level 5, -1/42 HPs)
             Began as a Demonspawn Chaos Knight on Aug 16, 2023.
             Was a Plaything of Xom.
             Slain by a thrashing horror (4 damage)
             ... on level 1 of the Abyss.
             The game lasted 00:10:10 (2955 turns).

Duck the Trooper (Demonspawn Chaos Knight)          Turns: 2955, Time: 00:10:10

Health: -1/42      AC: 10    Str: 14    XL:     5   Next: 12%
Magic:  5/5        EV: 11    Int: 13    God:    Xom [..*...]
Gold:   148        SH:  0    Dex: 13    Spells: 4/4 levels left

rFire   . . .        a - +0 short sword (chaos)
rCold   . . .        (no shield)
rNeg    + . .        b - +3 leather armour
rPois   .            (helmet restricted)
rElec   .            (no cloak)
rCorr   .            (no gloves)
SInv    .            (no boots)
Will    .....        l - amulet of magic regeneration
Stlth   +            o - ring of positive energy
HPRegen 0.27/turn    m - +4 ring of protection
MPRegen 0.49/turn

%: no passive effects
@: brilliant, cleaving, hasted, very quick
A: antennae 2
a: Renounce Religion


You were on level 1 of the Abyss.
You worshipped Xom.
You were a toy of Xom.
You visited 1 branch of the dungeon, and saw 3 of its levels.
You visited the Abyss 1 time.

You collected 148 gold pieces.

Inventory:

Hand Weapons
 a - a +0 short sword of chaos (weapon)
Armour
 b - a +3 leather armour (worn)
 h - a +0 ring mail
 i - a +0 plate armour
Jewellery
 e - a ring of magical power
 l - an amulet of magic regeneration (around neck)
 m - a +4 ring of protection (right hand)
 o - a ring of positive energy (left hand)
 p - a ring of willpower
Scrolls
 g - a scroll of identify
Potions
 d - 2 potions of curing
 k - 2 potions of brilliance


   Skills:
 + Level 4.0 Fighting
 + Level 3.6 Short Blades
 * Level 3.3 Armour
 - Level 0.8 Dodging


You had 4 spell levels left.
You didn't know any spells.
Your spell library was empty.

Dungeon Overview and Level Annotations

Branches:
Dungeon (3/15)

Altars:

Annotations:
D:3 Sigmund


Innate Abilities, Weirdness & Mutations

You have a pair of antennae on your head.


Message History

Your butterfly is shoved backwards!
Your butterfly dies!
Your butterfly disappears in a burst of colours!
You closely miss the thrashing horror.
The thrashing horror completely misses you.
The thrashing horror tramples you.
You hold your ground!
The thrashing horror closely misses you.
The thrashing horror tramples you but does no damage.
Okay, then.
As you read the scroll labelled NIOCKOALOT, it crumbles to dust.
It is a scroll of enchant armour.
Your +2 leather armour glows green for a moment.
The thrashing horror barely misses you. x2
You start resting.
A thrashing horror is nearby!
The thrashing horror attacks as you move away!
The thrashing horror tramples you. x2
Xom grants you a minor favour.
You feel yourself speed up. The thrashing horror tramples you!
You hold your ground!
The thrashing horror tramples you.
* * * LOW HITPOINT WARNING * * *
You hold your ground!
You hit the thrashing horror.
The thrashing horror is lightly damaged.
The thrashing horror barely misses you.
The thrashing horror closely misses you.
You closely miss the thrashing horror.
The thrashing horror is lightly damaged.
The thrashing horror tramples you!
* * * LOW HITPOINT WARNING * * *
You hold your ground!
The thrashing horror tramples you but does no damage.
You completely miss the thrashing horror.
The thrashing horror is lightly damaged.
The thrashing horror tramples you but does no damage. x2
You closely miss the thrashing horror.
The thrashing horror is lightly damaged.
The thrashing horror tramples you.
You die...
Xom giggles madly!

.# #. #. .#
..#.#. .# . ..##.
..#....## ####{
#.#..#### bb##
#.b#...{##b{.##
####. #..b.###b
#@#..X#... #.X.b
#X# ##.##. .#.. #
#..##.#{...b.#..#
{ ####..
###.#.#### #
#.#.# { #.. #..#
#.# .##. .. ##


You could see a thrashing horror.

Vanquished Creatures
  A hound (D:3)
  Jessica (D:2)
  3 adders
  3 dart slugs
  10 bats
  3 endoplasms
  4 giant cockroaches
  4 goblins
  6 hobgoblins
  2 jackals (D:2)
  3 quokkas
  3 ball pythons
  8 frilled lizards
  5 rats
56 creatures vanquished.

Notes
Turn   | Place    | Note
-------+----------+-------------------------------------------
     0 | D:1      | Duck the Demonspawn Chaos Knight began the quest for the
                  | Orb.
     0 | D:1      | Reached XP level 1. HP: 18/18 MP: 1/1
    28 | D:1      | XOM: silly message
   257 | D:1      | Gained mutation: You have a pair of small antennae on your
                  | head. [demonic ancestry]
   257 | D:1      | Reached XP level 2. HP: 24/24 MP: 2/2
   464 | D:1      | XOM: god gift: plate armour {god gift}
  1022 | D:2      | Reached XP level 3. HP: 23/29 MP: 3/3
  1304 | D:2      | XOM: silly message
  1421 | D:2      | Noticed Jessica
  1444 | D:2      | Killed Jessica
  1446 | D:2      | XOM: potion effect (might)
  1461 | D:2      | Reached XP level 4. HP: 8/37 MP: 4/4
  2087 | D:2      | Found a faded altar of an unknown god.
  2193 | D:2      | Identified a scroll of acquirement
  2193 | D:2      | Acquired a +4 ring of protection
  2209 | D:3      | XOM: potion effect (might)
  2213 | D:3      | Reached skill level 4 in Fighting
  2268 | D:3      | Gained mutation: You have a pair of antennae on your head.
                  | [demonic ancestry]
  2268 | D:3      | Reached XP level 5. HP: 42/42 MP: 5/5
  2304 | D:3      | XOM: silly message
  2389 | D:3      | XOM: silly message
  2579 | D:3      | XOM: confusion (+ monsters)
  2814 | D:3      | Noticed Sigmund
  2830 | Abyss:1  | Cast into level 1 of the Abyss (Sigmund)
  2927 | Abyss:1  | Noticed a thrashing horror
  2932 | Abyss:1  | XOM: cleaving
  2947 | Abyss:1  | XOM: potion effect (haste)
  2955 | Abyss:1  | Slain by a thrashing horror

Illustrated notes

Levels and vault maps discovered:
D:1:      minmay_arrival_checkered_box, layout_loops_ring, serial_forest,
          infiniplex_forest_split, infiniplex_forest_clump_long,
          infiniplex_forest_straight_3, infiniplex_forest_end_3,
          infiniplex_forest_clump_curved, infiniplex_forest_clump_small,
          infiniplex_forest_zigzag_2
D:2:      layout_basic, dreamdust_ecumenical_altar_angels_and_demons,
          nicolae_titane, uniq_jessica
D:3:      layout_loops_ring, nicolae_wu_jian_glorious_leap,
          uniq_crazy_yiuf_cottage, uniq_sigmund
Abyss:1:  base:
D:2

Skill      XL: |  1  2  3  4 |
---------------+-------------+-----
Short Blades   | 3 |  3.6
Armour         | 2 3 |  3.3
Fighting       | 4 |  4.0
Dodging        | |  0.8

Action                     |  1- 3 |  4- 6 || total
---------------------------+-------+-------++-------
  Melee: Short sword       |   144 |   106 ||   250
         Punch             |     1 |     1 ||     2
    Use: Scroll            |     1 |     3 ||     4
         Potion            |       |     4 ||     4
   Stab: Sleeping          |       |     3 ||     3
         Petrified         |       |     1 ||     1
         Paralysed         |       |     1 ||     1
 Armour: Leather armour    |    65 |    40 ||   105
  Dodge: Dodged            |   100 |    63 ||   163
         Form:             |       |     1 ||     1
         Anaconda          |       |     1 ||     1

Table legend: (Time is in decaauts)
 A = Elapsed time spent in this place.
 B = Non-inter-level travel time spent in this place.
 C = Inter-level travel time spent in this place.
 D = Time resting spent in this place.
 E = Time spent auto-exploring this place.
 F = Levels seen in this place.
 G = Mean time per level.
                   A        B        C        D        E       F      G
               +--------+--------+--------+--------+--------+-----+--------+
         Total |   2915 |   2894 |     21 |    505 |   1811 |   4 |  728.8 |
       Dungeon |   2784 |   2763 |     21 |    405 |   1811 |   3 |  928.0 |
         Abyss |    131 |    131 |      0 |    100 |      0 |   1 |  131.0 |
               +--------+--------+--------+--------+--------+-----+--------+

Top non-repeatable levels by time:
     D:2: 1249 daAuts
     D:1: 914 daAuts
     D:3: 620 daAuts
 Abyss:1: 131 daAuts
